[ AOE2 MATCH · #481503140 ]
UnrankedCelts vs Sicilians
[ REPLAY ANALYSIS · EXTRACTED FROM THE RECORDED GAME ]
Feudal
—
Castle
—
Imperial
—
| APM avg | 24.1 |
| APM peak | 72 |
| eAPM avg | 3.1 |
| Villagers / military | 5 / 0 |
Focus
⚔️ 0.0% · 🌾 100.0%
Feudal
—
Castle
—
Imperial
—
| APM avg | 1.0 |
| APM peak | 3 |
| eAPM avg | 1.0 |
| Villagers / military | 2 / 0 |
Focus
⚔️ 0.0% · 🌾 100.0%
Feudal
—
Castle
—
Imperial
—
| APM avg | 37.0 |
| APM peak | 48 |
| eAPM avg | 10.1 |
| Villagers / military | 17 / 0 |
Focus
⚔️ 14.3% · 🌾 85.7%
Feudal
—
Castle
—
Imperial
—
| APM avg | 13.4 |
| APM peak | 57 |
| eAPM avg | 5.4 |
| Villagers / military | 7 / 0 |
Focus
⚔️ 4.0% · 🌾 96.0%
Feudal
—
Castle
—
Imperial
—
| APM avg | 37.9 |
| APM peak | 57 |
| eAPM avg | 13.0 |
| Villagers / military | 28 / 0 |
Focus
⚔️ 3.3% · 🌾 96.7%
Feudal
—
Castle
—
Imperial
—
| APM avg | 8.2 |
| APM peak | 32 |
| eAPM avg | 1.6 |
| Villagers / military | 4 / 0 |
Focus
⚔️ 0.0% · 🌾 100.0%
Feudal
—
Castle
—
Imperial
—
| APM avg | 45.9 |
| APM peak | 77 |
| eAPM avg | 10.7 |
| Villagers / military | 24 / 0 |
Focus
⚔️ 3.8% · 🌾 96.2%
Feudal
—
Castle
—
Imperial
—
| APM avg | 19.8 |
| APM peak | 48 |
| eAPM avg | 5.1 |
| Villagers / military | 10 / 0 |
Focus
⚔️ 5.6% · 🌾 94.4%
Match map
Initial resources + every placement click. Lines = walls · curves = elevation contours. ◆ gold · ⬟ stone · ● berries · ✦ relic · ◌ wall gap
Your base
坐边打一波就跑's base
p0psicle's base
夏天太热's base
The_Night_Wolf's base
ONLY WEI's base
DarkWolf110722's base
BeardyNath's base
Smoothed initial terrain · ◌ = detected wall gap · hover for details
Inputs per minute
— TrashWarAficionado - - 坐边打一波就跑
Build order — TrashWarAficionado
8 actions detected in the replay
| 0:01 | Create | Villager (Male) |
| 0:02 | Create | Villager (Male) |
| 0:03 | Build | House |
| 0:04 | Build | House |
| 0:05 | Build | House |
| 0:34 | Create | Villager (Male) |
| 0:53 | Create | Villager (Male) |
| 1:33 | Create | Villager (Male) |
Build order — 坐边打一波就跑
2 actions detected in the replay
| 1:10 | Create | Villager (Male) |
| 1:10 | Create | Villager (Male) |
Build order — p0psicle
23 actions detected in the replay
| 0:03 | Create | Villager (Male) |
| 0:04 | Create | Villager (Male) |
| 0:04 | Create | Villager (Male) |
| 0:04 | Create | Villager (Male) |
| 0:12 | Build | House |
| 0:13 | Build | House |
| 0:22 | Research | Loom |
| 0:56 | Create | Villager (Male) |
| 0:56 | Create | Villager (Male) |
| 0:56 | Create | Villager (Male) |
| 1:43 | Create | Villager (Male) |
| 1:43 | Create | Villager (Male) |
| 2:30 | Create | Villager (Male) |
| 2:53 | Create | Villager (Male) |
| 3:18 | Build | Lumber Camp |
| 3:24 | Build | House |
| 3:28 | Build | House |
| 3:30 | Create | Villager (Male) |
| 3:30 | Create | Villager (Male) |
| 4:08 | Create | Villager (Male) |
| 4:08 | Create | Villager (Male) |
| 4:09 | Create | Villager (Male) |
| 4:44 | Create | Villager (Male) |
Build order — 夏天太热
9 actions detected in the replay
| 0:02 | Create | Villager (Male) |
| 0:03 | Create | Villager (Male) |
| 0:03 | Create | Villager (Male) |
| 0:05 | Build | House |
| 0:06 | Build | House |
| 0:11 | Create | Villager (Male) |
| 0:11 | Create | Villager (Male) |
| 0:16 | Create | Villager (Male) |
| 0:17 | Create | Villager (Male) |
Build order — The_Night_Wolf
25 actions detected in the replay
| 0:01 | Create | Villager (Male) ×4 |
| 0:02 | Create | Villager (Male) ×4 |
| 0:02 | Create | Villager (Male) ×4 |
| 0:03 | Build | House |
| 0:05 | Build | House |
| 1:22 | Build | Lumber Camp |
| 1:25 | Create | Villager (Male) |
| 1:25 | Create | Villager (Male) |
| 2:03 | Create | Villager (Male) |
| 2:03 | Create | Villager (Male) |
| 2:25 | Create | Villager (Male) |
| 2:25 | Create | Villager (Male) |
| 2:56 | Create | Villager (Male) |
| 2:56 | Create | Villager (Male) |
| 3:05 | Build | Mill |
| 3:19 | Create | Villager (Male) |
| 3:19 | Create | Villager (Male) |
| 3:50 | Research | Loom |
| 3:57 | Build | House |
| 4:09 | Create | Villager (Male) |
| 4:10 | Create | Villager (Male) |
| 4:39 | Create | Villager (Male) |
| 4:39 | Create | Villager (Male) |
| 4:39 | Create | Villager (Male) |
| 4:39 | Create | Villager (Male) |
Build order — ONLY WEI
3 actions detected in the replay
| 0:03 | Build | House |
| 0:04 | Create | Villager (Male) ×4 |
| 0:05 | Build | House |
Build order — DarkWolf110722
30 actions detected in the replay
| 0:02 | Create | Villager (Male) |
| 0:02 | Create | Villager (Male) |
| 0:02 | Create | Villager (Male) |
| 0:03 | Create | Villager (Male) |
| 0:03 | Create | Villager (Male) |
| 0:03 | Create | Villager (Male) |
| 0:04 | Build | House |
| 0:06 | Build | House |
| 1:32 | Create | Villager (Male) |
| 1:32 | Create | Villager (Male) |
| 1:32 | Create | Villager (Male) |
| 1:50 | Build | Lumber Camp |
| 2:01 | Create | Villager (Male) |
| 2:01 | Create | Villager (Male) |
| 2:18 | Create | Villager (Male) |
| 2:18 | Create | Villager (Male) |
| 2:48 | Create | Villager (Male) |
| 2:48 | Create | Villager (Male) |
| 3:03 | Create | Villager (Male) |
| 3:04 | Create | Villager (Male) |
| 3:28 | Build | Mill |
| 3:35 | Create | Villager (Male) |
| 3:35 | Create | Villager (Male) |
| 3:35 | Create | Villager (Male) |
| 3:57 | Build | House |
| 3:58 | Create | Villager (Male) |
| 3:58 | Create | Villager (Male) |
| 4:17 | Create | Villager (Male) |
| 4:42 | Build | House |
| 4:50 | Create | Villager (Male) |
Build order — BeardyNath
13 actions detected in the replay
| 0:04 | Build | House |
| 0:05 | Build | House |
| 0:05 | Create | Villager (Male) |
| 0:05 | Create | Villager (Male) |
| 0:06 | Create | Villager (Male) |
| 0:24 | Create | Villager (Male) |
| 0:24 | Create | Villager (Male) |
| 1:41 | Create | Villager (Male) |
| 1:42 | Create | Villager (Male) |
| 2:21 | Research | Loom |
| 2:21 | Create | Villager (Male) |
| 2:22 | Create | Villager (Male) |
| 2:22 | Create | Villager (Male) |
Match timeline
| 1:23 | 坐边打一波就跑 · resign |
[ AI ANALYSIS · 1 CREDIT ]
What really happened in this match?
Wolo.gg analyzes every decision: build order, eco, micro, common mistakes by bracket. Personalized analysis on WhatsApp or Discord in 30 seconds.
Civ guide
Celts
Perfil
Jugador #10160336